 Dungeon Crawl Stone Soup version 0.31.0-12-g77e489cdc1 (webtiles) character file.

Game seed: 14712279834247546254

33 cdecastro the Grasshopper (level 3, 0/29 HPs)
             Began as an Armataur Warper on Feb 23, 2024.
             Was a Follower of Makhleb.
             Succumbed to Jessica's poison
             ... on level 2 of the Dungeon.
             The game lasted 00:02:08 (1111 turns).

cdecastro the Grasshopper (Armataur Warper)         Turns: 1111, Time: 00:02:09

Health: 0/29       AC:  4    Str: 18    XL:     3   Next: 12%
Magic:  5/5        EV:  9    Int: 13    God:    Makhleb [*.....]
Gold:   76         SH:  0    Dex:  9    Spells: 5/5 levels left

rFire   . . .        a - +0 mace
rCold   . . .        (no shield)
rNeg    . . .        b - +0 leather armour
rPois   .            (no helmet)
rElec   .            (no cloak)
rCorr   .            (no gloves)
SInv    .            (no barding)
Will    .....        (no amulet)
Stlth   +            (no ring)
HPRegen 0.24/turn    (no ring)
MPRegen 0.09/turn

%: roll
@: lethally poisoned (0 -> -11), hasted, very quick
A: large, deformed body, tough skin 3, armoured tail, roll 1
a: Renounce Religion


You were on level 2 of the Dungeon.
You worshipped Makhleb.
Makhleb was aware of your devotion.
You visited 1 branch of the dungeon, and saw 2 of its levels.

You collected 76 gold pieces.

Inventory:

Hand Weapons
 a - a +0 mace (weapon)
Missiles
 d - 7 darts of dispersal (quivered)
 e - 16 stones
 f - 6 poisoned darts
Armour
 b - a +0 leather armour (worn)
Jewellery
 h - a ring of flight
Scrolls
 c - a scroll of blinking


   Skills:
 - Level 1.7 Fighting
 * Level 2.9 Maces & Flails
 - Level 0.8 Throwing
 - Level 1.2 Armour
 - Level 1.3 Dodging
 - Level 1.7 Spellcasting
 + Level 3.4 Translocations


You had 5 spell levels left.
You didn't know any spells.
Your spell library contained the following spells:

 Spells                   Type           Power      Damage    Failure   Level
 Blink                    Tloc           20%        N/A       12%         2
 Lesser Beckoning         Tloc           20%        N/A       12%         2
 Momentum Strike          Conj/Tloc      10%        3d8       22%         2
 Teleport Other           Tloc           10%        N/A       22%         3
 Manifold Assault         Tloc           10%        N/A       58%         4
 Vhi's Electric Charge    Tloc/Air       10%        N/A       83%         4


Dungeon Overview and Level Annotations

Branches:
Dungeon (2/15)

Altars:
Makhleb

Annotations:
D:2 Jessica


Innate Abilities, Weirdness & Mutations

Armour fits poorly on your strangely shaped body.
You have extremely tough skin. (AC +3)
You have a long armoured tail.
You regenerate magic when rolling toward enemies. (Rampage MPRegen)


Message History

* * * LOW HITPOINT WARNING * * *
You are poisoned.
The adder poisons you! The adder bites you.
* * * LOW HITPOINT WARNING * * *
It was a potion of heal wounds.
You feel much better.
You feel yourself speed up.
You feel sick.
Jessica gestures wildly while chanting.
Jessica blinks!
The adder bites you. The adder closely misses you.
Unknown command.
You barely miss the adder. You tail-slap the adder.
The adder is severely wounded.
You feel sick. The adder barely misses you. The adder bites you.
You are more poisoned.
The adder poisons you!
You completely miss the adder.
The adder is severely wounded.
You feel very sick. The adder barely misses you.
You closely miss the adder.
The adder is severely wounded.
You feel sick. The adder bites you.
* * * LOW HITPOINT WARNING * * *
Jessica very coldly says, "I hate your company."
Jessica hits you but does no damage. The adder bites you.
* * * LOW HITPOINT WARNING * * *
Jessica misses you.
You miss the adder.
The adder is severely wounded.
You feel sick. The adder bites you.
* * * LOW HITPOINT WARNING * * *
Jessica hits you with a +1 dagger of venom.
* * * LOW HITPOINT WARNING * * *
You are more poisoned.
Jessica barely misses you. The adder barely misses you.
Okay, then.
You don't know any spells.
Unknown command.
It was a potion of haste.
You feel yourself speed up.
You die...

#.# #.# ##....# ..
.. ###.###.#
###..# .. ...
.....##.######..#
..# ###.
..<..#..........#
.. # #.
........######.##
######.##.# #.
.....#.## #.#
#.......#.## #.
.....#.# #.#
#.......... #
##.###.#
#.####.##.#..##...
#.# #.#
#.@@Sl.........$..
##.###.#
######.#...$.#...
#......#
#.#.#........
#...####
#...#...#....
#.#..#
#.#####......
#....# #.. .###.#
#.##.# #.# ##
..##.# #.# ..##.#


You could see an adder, Jessica (fast) and a frilled lizard.

Vanquished Creatures
  A gnoll (D:1)
  A dart slug (D:2)
  4 ball pythons
  3 endoplasms
  A goblin (D:1)
  A hobgoblin (D:2)
  4 kobolds (D:1)
  A quokka (D:2)
  A frilled lizard (D:1)
  3 rats
20 creatures vanquished.

Notes
Turn   | Place    | Note
-------+----------+-------------------------------------------
     0 | D:1      | cdecastro the Armataur Warper began the quest for the Orb.
     0 | D:1      | Reached XP level 1. HP: 17/17 MP: 3/3
    27 | D:1      | Found a faded altar of an unknown god.
   112 | D:1      | Prayed at the altar of an unknown god.
   112 | D:1      | Became a worshipper of Makhleb the Destroyer
   112 | D:1      | Reached * piety under Makhleb
   280 | D:1      | Reached XP level 2. HP: 24/24 MP: 4/4
   906 | D:2      | Reached XP level 3. HP: 29/29 MP: 5/5
  1083 | D:2      | Noticed Jessica
  1111 | D:2      | Succumbed to Jessica's poison

Illustrated notes

Levels and vault maps discovered:
D:1:      dpeg_arrival_pond, layout_loops_ring,
          ebering_ecumenical_altar_petrified, amcnicky_mini_corridor_feature
D:2:      layout_loops_ring, chequers_serial_rivers_micro_b, skrybe_limestone_x,
          hex_large, uniq_jessica

Skill      XL: |  1 |
---------------+----+-----
Maces & Flails | 2 |  2.9
Fighting       | |  1.7
Throwing       | |  0.8
Armour         | |  1.2
Dodging        | |  1.3
Spellcasting   | |  1.7
Translocations | |  3.4

Action                     || total
---------------------------++-------
  Melee: Mace              ||    82
         Tailslap          ||     6
         Punch             ||     1
    Use: Potion            ||     3
 Armour: Leather armour    ||    66
  Dodge: Dodged            ||    51
